 Dungeon Crawl Stone Soup version 0.20.1-1-g8b1a95d (webtiles) character file.

95 keltmir the Changer (level 4, 0/35 HPs)
             Began as a Draconian Transmuter on Nov 9, 2017.
             Was an Initiate of Nemelex Xobeh.
             Slain by Ymberto's ghost (5 damage)
             ... on level 3 of the Dungeon.
             The game lasted 00:11:30 (3120 turns).

keltmir the Changer (Draconian Transmuter)          Turns: 3120, Time: 00:11:31

Health: 0/35       AC:  5    Str: 13    XL:     4   Next: 40%
Magic:  6/7        EV: 12    Int: 14    God:    Nemelex Xobeh [......]
Gold:   99         SH:  0    Dex: 11    Spells: 3/7 levels left

rFire    . . .     SeeInvis .     - Unarmed
rCold    . . .     Gourm    .   (no shield)
rNeg     . . .     Faith    .   (armour unavailable)
rPois    .         Spirit   .   (helmet restricted)
rElec    .         Reflect  .   (no cloak)
rCorr    .         Harm     .   (no gloves)
MR       .....                  (no boots)
Stlth    +.........             (no amulet)
Regen    0.2/turn               (no ring)
MPRegen  0.1/turn               (no ring)

@: hasted, very quick
A: unfitting armour, cold-blooded, AC +5
a: Renounce Religion


You were on level 3 of the Dungeon.
You worshipped Nemelex Xobeh.
Nemelex Xobeh was noncommittal.
You were not hungry.

You visited 1 branch of the dungeon, and saw 3 of its levels.

You collected 99 gold pieces.

Inventory:

Missiles
 a - 12 arrows
 k - 18 poisoned needles
Scrolls
 d - 2 scrolls of fear
 e - 3 scrolls of remove curse
 f - a scroll of fog {unknown}
 m - a scroll of enchant armour {unknown}
Potions
 h - 3 potions of curing
 l - 2 potions of mutation {unknown}
 n - a potion of lignification {unknown}
Books
 b - a book of Changes

   Spells                             Type                      Level
   a - Beastly Appendage              Transmutation                1
   b - Sticks to Snakes               Transmutation                2
   c - Spider Form                    Transmutation/Poison         3
   d - Ice Form                       Ice/Transmutation            4
   e - Blade Hands                    Transmutation                5
Comestibles
 c - a bread ration
 g - 2 meat rations


   Skills:
 - Level 1.1 Fighting
 - Level 1.7 Dodging
 - Level 3.0 Unarmed Combat
 - Level 2.0 Spellcasting
 * Level 4.7 Transmutations


You had 3 spell levels left.
You knew the following spells:

 Your Spells              Type           Power        Failure   Level  Hunger
a - Beastly Appendage     Tmut           ##....       3%          1    ##.....
b - Spider Form           Tmut/Pois      #.........   26%         3    ####...


Dungeon Overview and Level Annotations

Branches:
Dungeon (3/15)

Altars:
Nemelex Xobeh

Annotations:
D:3 Ymberto's ghost, amateur HuHu


Innate Abilities, Weirdness & Mutations

Your plain brown scales are hard. (AC +5)
You cannot fit into any form of body armour.
You are cold-blooded and may be slowed by cold attacks.


Message History

Ymberto's ghost hits you but does no damage.
You barely miss Ymberto's ghost.
Ymberto's ghost is heavily damaged.
Ymberto's ghost hits you.
* * * LOW HITPOINT WARNING * * *
You barely miss Ymberto's ghost.
Ymberto's ghost is heavily damaged.
You barely miss Ymberto's ghost.
Ymberto's ghost is heavily damaged.
Ymberto's ghost closely misses you.
You hit Ymberto's ghost but do no damage.
You tail-slap Ymberto's ghost, but do no damage.
Ymberto's ghost is heavily damaged.
You barely miss Ymberto's ghost.
Your tail-slap misses Ymberto's ghost.
Ymberto's ghost is heavily damaged.
Ymberto's ghost hits you.
* * * LOW HITPOINT WARNING * * *
Ymberto's ghost hits you.
You die...
Your body disappears without a glow.

### #.##### ##..##.##..#..#
###... ... ..# #...###.....##
...... ##.###.# ###.......#.#
###.## #.###.## #########.#
###.###.###.##...#### #.#
............#.......##### #.#
....# ..........<....... #.#
..#####.....#...W.....##.#####.#
........≈≈≈.....@).......W(....#
.######.≈)≈..##.......##.#######
.######.≈≈≈..###....###
............# #....#
#######.#..## #.#.## .##...W
..#.# .# # ###.# .# .# .#


You could see Ymberto's ghost.

Vanquished Creatures
  3 adders (D:2)
  An ooze (D:1)
  2 dart slugs (D:2)
  4 worms
  2 ball pythons (D:1)
  3 bats (D:2)
  3 giant cockroaches
  5 goblins
  9 hobgoblins
  A kobold (D:2)
  2 quokkas (D:2)
  7 frilled lizards
  5 rats
47 creatures vanquished.

Notes
Turn   | Place    | Note
-------+----------+-------------------------------------------
     0 | D:1      | keltmir the Draconian Transmuter began the quest for the Orb.
     0 | D:1      | Reached XP level 1. HP: 16/16 MP: 3/3
   343 | D:1      | Reached XP level 2. HP: 23/23 MP: 5/5
   597 | D:1      | Reached skill level 3 in Transmutations
  1022 | D:2      | Reached XP level 3. HP: 20/28 MP: 4/6
  1067 | D:1      | Learned a level 3 spell: Spider Form
  1225 | D:2      | Reached skill level 4 in Transmutations
  1258 | D:2      | Reached XP level 4. HP: 31/35 MP: 3/7
  1349 | D:3      | Found a sparkling altar of Nemelex Xobeh.
  1353 | D:3      | Became a worshipper of Nemelex Xobeh the Trickster
  1390 | D:3      | Noticed Ymberto's ghost (amateur HuHu)
  1896 | D:2      | Received a gift from Nemelex Xobeh
  3120 | D:3      | Slain by Ymberto's ghost

Skill      XL: |  1  2  3 |
---------------+----------+-----
Transmutations | 3 4 |  4.7
Fighting       | |  1.1
Dodging        | |  1.7
Unarmed Combat | |  3.0
Spellcasting   | |  2.0

Action                   |  1- 3 |  4- 6 || total
-------------------------+-------+-------++-------
Melee: Unarmed           |   106 |    95 ||   201
       Tailslap          |    10 |     4 ||    14
       Kick              |     8 |       ||     8
       Headbutt          |     2 |       ||     2
       Punch             |     1 |     2 ||     3
 Cast: Beastly Appendage |     9 |       ||     9
       Spider Form       |     3 |     8 ||    11
  Use: Scroll            |     3 |     2 ||     5
       Potion            |       |     2 ||     2
  Eat: Chunk             |     2 |     3 ||     5
       Bread ration      |       |     1 ||     1
Armor: Skin              |    23 |    13 ||    36
Dodge: Dodged            |    77 |    48 ||   125
